 Dungeon Crawl Stone Soup version 0.30-a0-40-gc6d0f036a7 (webtiles) character file.

Game seed: 7178849810576421229

3275 ytrimaz the Transmogrifier (level 10, -24/58 HPs)
             Began as an Octopode Transmuter on Aug 29, 2022.
             Was an Initiate of Ashenzari.
             Annihilated by a two-headed ogre
             ... wielding a +0 dire flail
              (34 damage)
             ... on level 8 of the Dungeon.
             The game lasted 00:10:41 (9461 turns).

ytrimaz the Transmogrifier (Octopode Transmuter)    Turns: 9461, Time: 00:10:43

Health: -24/58     AC:  2    Str: 16    XL:     10   Next: 0%
Magic:  20/22      EV: 23    Int: 20    God:    Ashenzari [......]
Gold:   958        SH:  0    Dex: 17    Spells: 15/25 levels left

rFire   + . .      SeeInvis .      - Unarmed
rCold   + . .      Faith    .    (shield currently unavailable)
rNeg    . . .      Spirit   .    (helmet currently unavailable)
rPois   .          Reflect  .    o - amulet of magic regeneration
rElec   +          Harm     .    h - +4 ring of evasion
rCorr   +          Rampage  .    i - ring of Itam {rElec rF+ rC+ rCorr}
Will    .....                    j - ring of poison resistance
Stlth   ++........               q - +6 ring of strength
HPRegen 0.19/turn                v - ring of flight
MPRegen 0.58/turn                (no ring)
                                 (no ring)
                                 (no ring)

@: spider-form, flying, very slightly contaminated
A: venomous fangs, almost no armour, (amphibious), 8 rings, tiny, (camouflage
1), (gelatinous body 1), (nimble swimmer 1), (tentacles)
a: End Transformation, Renounce Religion


You were on level 8 of the Dungeon.
You worshipped Ashenzari.
Ashenzari was noncommittal.
You were a venomous arachnid creature.
You visited 2 branches of the dungeon, and saw 9 of its levels.

You collected 958 gold pieces.

Inventory:

Armour
 b - a +1 hat (melded)
Jewellery
 h - a +4 ring of evasion (left front leg)
 i - the ring of Itam (right front leg) {rElec rF+ rC+ rCorr}
   (You acquired it on level 2 of the Dungeon)

   [ring of resist corrosion]

   rF:        It protects you from fire.
   rC:        It protects you from cold.
   rElec:     It insulates you from electricity.
   rCorr:     It protects you from acid and corrosion.
 j - a ring of poison resistance (on tentacle)
 o - an amulet of magic regeneration (around neck)
 q - a +6 ring of strength (on tentacle)
 s - an amulet of reflection
 v - a ring of flight (on tentacle)
Wands
 l - a wand of flame (19)
 r - a wand of roots (12)
 t - a wand of mindburst (7)
Scrolls
 a - a scroll of blinking
 c - 3 scrolls of vulnerability
 d - 4 scrolls of magic mapping
 e - 4 scrolls of enchant armour
 g - a scroll of enchant weapon
 m - a scroll of amnesia
 x - a scroll of torment {unknown}
Potions
 f - 3 potions of attraction
 k - 2 potions of brilliance
 n - a potion of lignification
 p - a potion of haste {unknown}
 u - a potion of curing
 w - a potion of heal wounds


   Skills:
 - Level 1.0 Fighting
 - Level 2.0 Dodging
 - Level 4.7 Unarmed Combat
 + Level 8.1 Spellcasting
 + Level 8.8 Transmutations
 - Level 4.0 Ice Magic
 - Level 4.0 Poison Magic


You had 15 spell levels left.
You knew the following spells:

 Your Spells              Type           Power      Damage    Failure   Level
a - Beastly Appendage     Tmut           86%        N/A       2%          1
b - Wereblood             Tmut           43%        N/A       3%          2
c - Spider Form           Tmut/Pois      33%        N/A       8%          3
d - Ice Form              Ice/Tmut       33%        N/A       17%         4

Your spell library contained the following spells:

 Spells                   Type           Power      Damage    Failure   Level
 Necrotise                Necr           32%        1d5       22%         1
 Slow                     Hex            32%        N/A       22%         1
 Confusing Touch          Hex            8%         N/A       47%         3
 Gell's Gravitas          Tloc           8%         N/A       47%         3
 Lesser Beckoning         Tloc           8%         N/A       47%         3
 Teleport Other           Tloc           8%         N/A       47%         3
 Vampiric Draining        Necr           8%         2d6       47%         3
 Fulminant Prism          Conj/Hex       4%         3d6       82%         4
 Iskenderun's Mystic Bla  Conj/Tloc      8%         2d4       82%         4
 Agony                    Necr           8%         N/A       98%         5
 Lee's Rapid Deconstruct  Erth           4%         3d6*      98%         5


Dungeon Overview and Level Annotations

Branches:
Dungeon (8/15)             Temple (1/1) D:7
   Lair: D:8-11

Altars:
Ashenzari
Cheibriados
Dithmenos
Elyvilon
Gozag
Hepliaklqana
Kikubaaqudgha
Makhleb
Nemelex Xobeh
Okawaru
Qazlal
Ru
Sif Muna
Trog
Uskayaw
Vehumet
Wu Jian
Xom
Yredelemnul
Zin
The Shining One

Shops:
D:5 =   D:7 :


Innate Abilities, Weirdness & Mutations

You are a venomous arachnid creature.
You have poisonous fangs.
You are tiny and dextrous.
Your spellcasting is less reliable in this form.
Your armour is entirely melded.
You are incapable of wielding weapons or throwing items.
You cannot wear most types of armour.
((You are amphibious.))
You can wear up to eight rings at the same time.
((Your skin changes colour to match your surroundings (Stealth+).))
((Your rubbery body absorbs attacks. (AC +1, EV +1)))
((You are camouflaged when in or above water. (Stealth+)))
((You have tentacles for arms and can constrict up to eight enemies at once.))


Message History

You start resting.
HP restored.
You see here a staff of poison.
You now have 958 gold pieces (gained 14).
A two-headed ogre is nearby!
A two-headed ogre is nearby!
A two-headed ogre is nearby!
A two-headed ogre is nearby!
Casting: Ice Form (dangerous; 6% risk of failure)
Confirm with . or Enter, or press ? or * to list all spells.
You miscast Ice Form.
You are very lightly contaminated with residual magic.
Nothing appears to happen.
The two-headed ogre shouts in stereo!
Unknown command.
Casting: Ice Form (dangerous; 6% risk of failure)
Confirm with . or Enter, or press ? or * to list all spells.
You turn into a venomous arachnid creature.
Your +1 hat melds into your body.
Unknown command.
You hit the two-headed ogre but do no damage.
The two-headed ogre is lightly wounded.
The two-headed ogre hits you with a +0 dire flail!!
The two-headed ogre completely misses you.
You hit the two-headed ogre.
The two-headed ogre is poisoned.
The two-headed ogre is lightly wounded.
You bite the two-headed ogre!
The two-headed ogre looks as sick as possible!
The two-headed ogre is moderately wounded.
The two-headed ogre barely misses you. The two-headed ogre misses you.
You hit the two-headed ogre but do no damage.
The two-headed ogre looks as sick as possible!
The two-headed ogre is moderately wounded.
You completely miss the two-headed ogre.
The two-headed ogre is moderately wounded.
The two-headed ogre hits you with a +0 dire flail!!
* * * LOW HITPOINT WARNING * * *
The two-headed ogre hits you with a +0 giant club!!
Ouch! That really hurt!
You die...

#..# #..# #..#
#..# #..# ##### #
#..# ......
###.#..##......
#..............
#.°.....s.......
#........O......
#.°°............
...°°°...........
####§####........
#§ #........ #
#....####
####.>..#
#§§§☼..<#


You could see a two-headed ogre (extremely poisoned).

Vanquished Creatures
  An ice statue (D:8)
  A steam dragon (D:7)
  Edmund (D:5)
  3 water moccasins
  Duvessa (D:5)
  An orc warrior (D:7)
  An ice beast (D:5)
  A black bear (D:4)
  An ogre (D:6)
  2 centaurs
  3 phantoms
  A kobold brigand (D:7)
  A bullfrog (D:6)
  2 necrophages
  A gnoll sergeant (D:7)
  4 scorpions
  A wight (D:3)
  Dowan (D:5)
  5 killer bees (D:7)
  5 orc priests
  2 hounds
  2 jellies
  An iguana (D:6)
  6 orc wizards
  7 gnolls
  3 adders
  3 white imps
  An ufetubus (D:6)
  5 worms
  2 dart slugs
  26 orcs
  8 ball pythons
  6 bats
  9 endoplasms
  4 giant cockroaches
  10 hobgoblins
  3 jackals (D:4)
  5 quokkas
  3 frilled lizards
  6 goblins
  9 kobolds
  6 rats
164 creatures vanquished.

Vanquished Creatures (others)
  A gnoll (D:7)
  5 plants
6 creatures vanquished.

Grand Total: 170 creatures vanquished

Notes
Turn   | Place    | Note
-------+----------+-------------------------------------------
     0 | D:1      | ytrimaz the Octopode Transmuter began the quest for the
                  | Orb.
     0 | D:1      | Reached XP level 1. HP: 13/13 MP: 3/3
   130 | D:1      | Reached XP level 2. HP: 12/18 MP: 3/5
   687 | D:1      | Reached XP level 3. HP: 21/23 MP: 4/6
   694 | D:1      | Learned a level 2 spell: Wereblood
   698 | D:1      | Learned a level 3 spell: Spider Form
   954 | D:1      | Found a faded altar of an unknown god.
  1512 | D:2      | Identified a scroll of acquirement
  1512 | D:2      | Acquired the ring of Itam {rElec rF+ rC+ rCorr}
  1621 | D:2      | Reached XP level 4. HP: 15/28 MP: 5/7
  1996 | D:2      | Reached skill level 1 in Poison Magic
  2630 | D:2      | Found a sacrificial altar of Ru.
  2866 | D:3      | Reached XP level 5. HP: 26/33 MP: 6/8
  3135 | D:3      | Found an ornate altar of the Wu Jian Council.
  3522 | D:3      | Reached XP level 6. HP: 25/38 MP: 3/10
  3535 | D:3      | Learned a level 4 spell: Ice Form
  4263 | D:4      | Found a sacrificial altar of Ru.
  4433 | D:4      | Reached skill level 1 in Ice Magic
  4796 | D:4      | Noticed a black bear
  4807 | D:4      | Killed a black bear
  4808 | D:4      | Reached XP level 7. HP: 38/43 MP: 12/12
  5154 | D:5      | Entered Level 5 of the Dungeon
  5368 | D:5      | Found a snail-covered altar of Cheibriados.
  5382 | D:5      | Noticed Edmund
  5391 | D:5      | Killed Edmund
  5583 | D:5      | Found a broken altar of Ashenzari.
  5583 | D:5      | Noticed Dowan
  5584 | D:5      | Noticed Duvessa
  5621 | D:5      | Reached XP level 8. HP: 36/48 MP: 14/14
  5623 | D:5      | Killed Duvessa
  5629 | D:5      | Reached skill level 5 in Transmutations
  5631 | D:5      | Killed Dowan
  5632 | D:5      | Reached skill level 5 in Spellcasting
  6075 | D:5      | Found Eheanaefu's Jewellery Shoppe.
  6270 | D:6      | Found a glowing golden altar of the Shining One.
  6702 | D:6      | Reached XP level 9. HP: 53/53 MP: 16/18
  7016 | D:6      | Found a sparkling altar of Nemelex Xobeh.
  7037 | D:6      | Acquired 617 gold pieces
  8191 | D:7      | Found a staircase to the Ecumenical Temple.
  8200 | Temple   | Entered the Ecumenical Temple
  8366 | D:5      | Became a worshipper of Ashenzari the Shackled
  8514 | D:7      | Found Hutot's Tremendous Tomes.
  8699 | D:7      | Identified the +2 pair of boots of the Poles {Rampage rC++
                  | Regen+ Stlth-}
  8972 | D:7      | Found a white marble altar of Elyvilon.
  9128 | D:8      | Noticed a two-headed ogre
  9200 | D:8      | Noticed an ice statue
  9224 | D:8      | Killed an ice statue
  9225 | D:8      | Reached XP level 10. HP: 24/58 MP: 20/22
  9461 | D:8      | Annihilated by a two-headed ogre

Illustrated notes

Levels and vault maps discovered:
D:1:      dpeg_arrival_oval, layout_rooms,
          hellmonk_ecumenical_altar_inner_sanctum, serial_bayou_ford_a,
          minmay_heptomino_o4
D:2:      layout_basic, basic_altar
D:3:      layout_basic, lemuel_tele_altar, kennysheep_generic_room_5
D:4:      layout_basic, nicolae_ru_sacrificial_ziggurat
D:5:      layout_rooms, kennysheep_slug_shrine, evilmike_ruin_ashenzari,
          serial_shops, nicolae_lakefront_shop, uniq_duvessa, uniq_edmund
D:6:      layout_loops_ring, mainiacjoe_overflow_24_doors,
          nemelex_dance_club_becter
D:7:      layout_basic, nicolae_elyvilon_temple_path, temple_green,
          nicolae_shop_i_like_big_books, nicolae_eternal_life
D:8:      minmay_statue_hallways, layout_basic, lemuel_flamethrower_2
Temple:   compressed_dpeg_circular_temple

Skill      XL: |  1  2  3  4  5  6  7  8  9 |
---------------+----------------------------+-----
Unarmed Combat | 4 |  4.7
Poison Magic   | 2 3 4 |  4.0
Transmutations | 3 4 6 8 |  8.8
Spellcasting   | 3 4 6 8 |  8.1
Ice Magic      | 2 4 |  4.0
Fighting       | |  1.0
Dodging        | |  2.0

Action                   |  1- 3 |  4- 6 |  7- 9 | 10-12 || total
-------------------------+-------+-------+-------+-------++-------
Melee: Unarmed           |    75 |   154 |   248 |     5 ||   482
       Tentacles         |    19 |    10 |     1 |       ||    30
       Kick              |    15 |     3 |       |       ||    18
       Constrict         |    21 |    12 |     2 |       ||    35
       Punch             |     2 |     3 |     1 |       ||     6
 Cast: Beastly Appendage |    13 |     8 |       |       ||    21
       Spider Form       |       |    17 |     8 |     1 ||    26
       Ice Form          |       |     1 |    23 |       ||    24
       Wereblood         |       |       |     3 |       ||     3
 Abil: End Transformatio |       |       |     1 |       ||     1
  Use: Scroll            |     8 |     5 |     7 |       ||    20
       Potion            |       |     3 |     6 |       ||     9
 Stab: Sleeping          |     5 |     2 |     1 |       ||     8
Armor: Skin              |     5 |    18 |    71 |       ||    94
Dodge: Dodged            |    52 |   131 |   193 |     3 ||   379

Table legend: (Time is in decaauts)
 A = Elapsed time spent in this place.
 B = Non-inter-level travel time spent in this place.
 C = Inter-level travel time spent in this place.
 D = Time resting spent in this place.
 E = Time spent auto-exploring this place.
 F = Levels seen in this place.
 G = Mean time per level.
                   A        B        C        D        E       F      G
               +--------+--------+--------+--------+--------+-----+--------+
         Total |   9430 |   8856 |    574 |    784 |   6529 |   9 | 1047.8 |
       Dungeon |   9346 |   8787 |    559 |    784 |   6474 |   8 | 1168.2 |
        Temple |     83 |     68 |     15 |      0 |     55 |   1 |   83.0 |
               +--------+--------+--------+--------+--------+-----+--------+

Top non-repeatable levels by time:
     D:2: 1938 daAuts
     D:6: 1441 daAuts
     D:7: 1408 daAuts
     D:4: 1112 daAuts
     D:1: 1073 daAuts
     D:5: 1071 daAuts
     D:3: 1009 daAuts
     D:8: 292 daAuts
  Temple: 83 daAuts
